 Dungeon Crawl Stone Soup version 0.31-a0-833-gc15d34cb79 (webtiles) character file.

Game seed: 952001491164240671

91 mopl the Insei (level 4, -3/29 HPs)
             Began as an Octopode Shapeshifter on Sept 25, 2023.
             Slain by a gnoll
             ... wielding a +0 whip
              (11 damage)
             ... on level 2 of the Dungeon.
             The game lasted 00:01:50 (1856 turns).

mopl the Insei (Octopode Shapeshifter)              Turns: 1856, Time: 00:01:50

Health: -3/29      AC:  1    Str: 13    XL:     4   Next: 57%
Magic:  4/4        EV: 13    Int: 12    God:
Gold:   204        SH:  0    Dex: 13    Spells: 3/3 levels left

rFire   + .          .
                       - Unarmed
rCold   . . .        (no shield)
rNeg    . . .        (helmet currently unavailable)
rPois   .            (no amulet)
rElec   .            k - ring of protection from fire
rCorr   .            (no ring)
SInv    .            (no ring)
Will    .....        (no ring)
Stlth   ++           (no ring)
HPRegen 0.24/turn    (no ring)
MPRegen 0.09/turn    (no ring)
                     (no ring)

%: no passive effects
@: beast-form
A: beast (slay +2), almost no armour, amphibious, 8 rings, camouflage 1,
gelatinous body 1, (nimble swimmer 1), tentacles
a: Begin Untransformation


You were on level 2 of the Dungeon.
You were a hulking beast.
You visited 1 branch of the dungeon, and saw 3 of its levels.

You collected 204 gold pieces.

Inventory:

Missiles
 d - 5 javelins
 p - 2 poisoned darts
Jewellery
 k - a ring of protection from fire (left tentacle)
Talismans
 b - a beast talisman (active)
 c - a flux talisman
Scrolls
 f - 2 scrolls of identify {unknown}
 g - a scroll of teleportation {unknown}
 h - 2 scrolls of fear {unknown}
 i - a scroll of immolation {unknown}
 n - a scroll of silence {unknown}
 o - a scroll of acquirement {unknown}
 r - a scroll of enchant weapon {unknown}
Potions
 a - 3 potions of lignification {!q}
 e - 2 potions of curing {unknown}
 j - a potion of magic {unknown}
 l - 2 potions of heal wounds {unknown}
 m - a potion of mutation {unknown}
 q - a potion of ambrosia {unknown}
 s - a potion of degeneration {unknown}
 t - 2 potions of brilliance {unknown}


   Skills:
 + Level 1.8 Fighting
 + Level 2.5 Dodging
 * Level 3.9 Unarmed Combat
 * Level 3.7 Shapeshifting


You had 3 spell levels left.
You didn't know any spells.
Your spell library was empty.

Dungeon Overview and Level Annotations

Branches:
Dungeon (3/15)

Altars:


Innate Abilities, Weirdness & Mutations

You are a hulking beast.
Your limbs bulge with bestial killing power. (Slay +2)
You cannot wear most types of armour.
You are amphibious.
You can wear up to eight rings at the same time.
Your skin changes colour to match your surroundings (Stealth+).
Your rubbery body absorbs attacks. (AC +1, EV +1)
((You are camouflaged when in or above water. (Stealth+)))
You have tentacles for arms and can constrict up to eight enemies at once.


Message History

No target in view!
You now have 204 gold pieces (gained 9).
You see here a dart slug corpse.
You see here a dart slug corpse.
a - 3 potions of lignification {!q} (gained 1)
You open the door.
A giant cockroach comes into view.
A giant cockroach is nearby!
There is an open door here.
The giant cockroach barely misses you.
You tentacle-slap the giant cockroach.
You kill the giant cockroach!
No target in view!
No target in view!
No target in view!
No target in view!
No target in view!
No target in view!
You see here a giant cockroach corpse.
As you open the door, it creaks loudly!
There is an open door here. 2 gnolls come into view.
The gnoll shouts!
A gnoll comes into view. It is wielding a +0 halberd.
A gnoll comes into view. It is wielding a +0 flail.
The gnoll shouts! x3
There is a stone staircase leading up here.
The gnoll completely misses you. The gnoll hits you with a +0 whip!
The gnoll hits you from afar with a +0 halberd!
The gnoll hits you from afar with a +0 spear.
* * * LOW HITPOINT WARNING * * *
You climb upwards.
There is a stone staircase leading down here.
You are too injured to fight recklessly!
You are too injured to fight recklessly!
You are too injured to fight recklessly!
You closely miss the gnoll. Your grab misses the gnoll.
Your squeeze misses the gnoll. The gnoll hits you with a +0 whip!
You die...

##### ###.h.##########
####...g..........######
#........########..>....
#.##.##.## ########
#.##....# # #.####..#
######### # #.####..#
#.......# ## #.......#
#...#.<.# #. ######.##
#..###..# #.


You could see a gnoll.

Vanquished Creatures
  A gnoll (D:1)
  2 dart slugs
  5 orcs (D:3)
  3 ball pythons
  10 endoplasms
  2 giant cockroaches
  4 goblins
  6 hobgoblins
  4 jackals (D:1)
  7 quokkas
  A bat (D:1)
  3 frilled lizards
  7 kobolds
  8 rats
63 creatures vanquished.

Notes
Turn   | Place    | Note
-------+----------+-------------------------------------------
     0 | D:1      | mopl the Octopode Shapeshifter began the quest for the Orb.
     0 | D:1      | Reached XP level 1. HP: 13/13 MP: 1/1
   101 | D:1      | You fall into a shaft and drop 1 floor!
   227 | D:2      | Reached XP level 2. HP: 12/18 MP: 2/2
   719 | D:2      | Reached XP level 3. HP: 20/23 MP: 3/3
   968 | D:1      | Reached XP level 4. HP: 29/29 MP: 4/4
  1856 | D:2      | Slain by a gnoll

Illustrated notes

Levels and vault maps discovered:
D:1:      beargit_arrival_diablo_church, layout_basic, reono_crystal_passage
D:2:      layout_loops_cross, kennysheep_small_spiral,
          ebering_dispersal_statue_hall
D:3:      layout_basic

Action                     |  1- 3 |  4- 6 || total
---------------------------+-------+-------++-------
  Melee: Unarmed           |    63 |    37 ||   100
         Constrict         |    16 |    11 ||    27
         Tentacles         |    11 |     8 ||    19
         Punch             |     1 |     1 ||     2
   Stab: Sleeping          |     3 |     6 ||     9
 Armour: Skin              |    15 |    15 ||    30
  Dodge: Dodged            |    22 |    19 ||    41

Table legend: (Time is in decaauts)
 A = Elapsed time spent in this place.
 B = Non-inter-level travel time spent in this place.
 C = Inter-level travel time spent in this place.
 D = Time resting spent in this place.
 E = Time spent auto-exploring this place.
 F = Levels seen in this place.
 G = Mean time per level.
                   A        B        C        D        E       F      G
               +--------+--------+--------+--------+--------+-----+--------+
         Total |   1849 |   1780 |     69 |     48 |   1395 |   3 |  616.3 |
       Dungeon |   1849 |   1780 |     69 |     48 |   1395 |   3 |  616.3 |
               +--------+--------+--------+--------+--------+-----+--------+

Top non-repeatable levels by time:
     D:2: 692 daAuts
     D:1: 601 daAuts
     D:3: 556 daAuts
